 Dungeon Crawl Stone Soup version 0.17-a0-1421-g95311d7 (console) character file.

47159 hyperkellhus the Devastator (level 14, -5/94 HPs)
             Began as a High Elf Fire Elementalist on June 24, 2015.
             Was the Champion of Vehumet.
             Slain by a torpor snail (19 damage)
             ... on level 7 of the Lair of Beasts.
             The game lasted 01:05:23 (27022 turns).

hyperkellhus the Devastator (HEFE)                 Turns: 27022, Time: 01:05:23

Health: -5/94      AC: 10    Str:  7    XL:     14   Next: 7%
Magic:  31/31      EV: 24    Int: 31    God:    Vehumet [******]
Gold:   1112       SH:  0    Dex: 20    Spells: 6 memorised, 16 levels left

rFire  + . .     SeeInvis .     a - staff of energy
rCold  . . .     Clarity  .     y - +3 leather armour {rF+}
rNeg   . . .     SustAt   .     (no shield)
rPois  +         Gourm    .     (no helmet)
rElec  .         Spirit   .     D - +1 cloak
rCorr  .         Warding  .     S - +0 pair of gloves
rMut   .         Stasis   .     C - +0 pair of boots
MR     +....                    l - amulet of faith
Stlth  +++.......               V - ring of poison resistance
                                k - +5 ring of intelligence

@: agile, slowed, very slow, somewhat resistant to hostile enchantments, fairly
stealthy
A: no striking features
a: Renounce Religion


You were on level 7 of the Lair of Beasts.
You worshipped Vehumet.
Vehumet was exalted by your worship.
You were not hungry.

You visited 3 branches of the dungeon, and saw 18 of its levels.
You also visited: Labyrinth and Volcano.

You collected 1112 gold pieces.

Inventory:

Hand weapons
 b - a +1 blowgun
 i - a +4 short sword of venom
 P - a +0 scimitar of flaming
 Z - the cursed +0 blowgun "Zulimner" {evade, rF+ Int+3, unknown}
   (You took it off a minotaur in a labyrinth)

   It affects your evasion (+5 to EV).
   It affects your intelligence (+3).
   It protects you from fire.
   It has a curse placed upon it.
Missiles
 L - 38 poisoned needles
Armour
 y - a +3 leather armour of fire resistance (worn)
 C - a +0 pair of boots (worn)
 D - a +1 cloak (worn)
 S - a +0 pair of gloves (worn)
Magical staves
 a - an uncursed staff of energy (weapon)
Jewellery
 j - an uncursed amulet of the gourmand
 k - a +5 ring of intelligence (left hand)
 l - an amulet of faith (around neck)
 u - an uncursed ring of flight
 F - an uncursed ring of protection from fire
 V - a ring of poison resistance (right hand)
 W - an uncursed amulet of rage {unknown}
 X - an uncursed ring of fire
Magical devices
 e - a wand of teleportation (3)
 G - a wand of digging (5)
 H - a wand of flame (34)
 O - a wand of confusion (0)
 U - a wand of digging (13)
Scrolls
 h - 6 scrolls of remove curse
 n - a scroll of summoning {unknown}
 o - 2 scrolls of enchant weapon
 p - a scroll of recharging
 q - 6 scrolls of teleportation
 z - 5 scrolls of amnesia
 B - a scroll of holy word
 T - 3 scrolls of magic mapping
Potions
 f - a potion of cancellation {unknown}
 g - 3 potions of might
 r - a potion of agility
 t - a potion of beneficial mutation {unknown}
 w - 2 potions of berserk rage
 A - 2 potions of flight {unknown}
 E - a potion of invisibility {unknown}
 J - a potion of experience {unknown}
 M - 4 potions of curing
 N - 3 potions of haste
 Q - 2 potions of heal wounds {unknown}
 R - a potion of ambrosia {unknown}
 Y - 4 potions of resistance {unknown}
Books
 v - a book of Conjurations

   Spells                             Type                      Level
   a - Magic Dart                     Conjuration                  1
   b - Searing Ray                    Conjuration                  2
   c - Dazzling Spray                 Conjuration/Hexes            3
   d - Fulminant Prism                Conjuration/Hexes            4
   e - Iskenderun's Mystic Blast      Conjuration                  4
   f - Iskenderun's Battlesphere      Conjuration/Charms           5
Comestibles
 c - 16 bread rations
 d - 54 fruits
 x - 4 meat rations
 I - a slice of pizza


   Skills:
 - Level 8.0 Fighting
 + Level 9.1 Dodging
 - Level 2.1 Stealth
 - Level 12.0 Spellcasting
 - Level 16.0 Conjurations
 - Level 12.0 Fire Magic


You had 16 spell levels left.
You knew the following spells:

 Your Spells              Type           Power        Failure   Level  Hunger
a - Flame Tongue          Conj/Fire      #####        0%          1    None
b - Conjure Flame         Conj/Fire      #######.     1%          3    None
c - Sticky Flame          Conj/Fire      #######.     1%          4    None
d - Fireball              Conj/Fire      #######...   1%          5    None
e - Regeneration          Chrm/Necr      ###.......   12%         3    None
l - Lightning Bolt        Conj/Air       ######....   1%          5    None


Dungeon Overview and Level Annotations

Branches:
Dungeon (9/15)             Temple (1/1) D:4            Lair (8/8) D:8
  Swamp (0/4) Lair:4       Shoals (0/4) Lair:4       Spider (0/4) Lair:4
  Slime (0/6) Lair:6          Orc (0/4) D:9

Altars:
Ashenzari
Cheibriados
Dithmenos
Elyvilon
Fedhas
Gozag
Kikubaaqudgha
Makhleb
Nemelex Xobeh
Okawaru
Qazlal
Ru
Sif Muna
Trog
Vehumet
Xom
Yredelemnul
Zin
The Shining One
Jiyva

Annotations:
D:5 exclusion: centaur, urechis's ghost, experienced VSMo


Message History

Read which item? (? for menu, Esc to quit)
Okay, then.
Drink which item? (? for menu, Esc to quit)
You feel agile all of a sudden. The yak gores you! The yak misses you.
The yak closely misses you. The torpor snail bites you.
The yak closely misses you. The yak gores you! The yak completely misses you.
Drink which item? (? for menu, Esc to quit)
Okay, then.
Read which item? (? for menu, Esc to quit)
As you read the scroll labeled PILLIU TOCU, it crumbles to dust.
Your body is wracked with pain!
* * * LOW HITPOINT WARNING * * *
The torpor snail convulses!
The water moccasin convulses!
The yak convulses!
The yak convulses! x2
It was a scroll of torment.
The yak completely misses you. The yak closely misses you. The yak gores you.
* * * LOW HITPOINT WARNING * * *
The torpor snail bites you!!
You die...

#### ####..## #.##...# ###
#....... ##### ###.## ##..##P#.
#.#.####...P# ##..######
##........Y## #.#...##.#
##P......Sw@# ##...#...#
######P.P......YY# #...#..P#
#.#.##..##.#..>### ##...>...
..#......###.#..# ### ####..##
........P##.....###.# ### #..##
.)...#...##..#.....####.######..#
P##..#......##..............#....
P#...............#..#####..###...
.....#.##.......########....#...P


You could see a torpor snail, 3 yaks and a water moccasin.

Vanquished Creatures
  Nessos (Lair:5)
  Snorg (Lair:8)
  A minotaur (Lab)
  4 hydras
  9 death yaks
  A fire crab (Lair:6)
  A lindwurm (Lair:5)
  A griffon (Lair:7)
  19 elephants
  A siren (Lair:4)
  2 black mambas (Lair:4)
  Joseph (D:7)
  2 gargoyles (Volcano)
  10 spiny frogs
  4 fire drakes
  4 komodo dragons
  An efreet (Volcano)
  13 blink frogs
  The ghost of hyperkellhus the Ducker, an average DEHu (D:4)
  37 yaks
  2 spriggans
  3 hungry ghosts
  3 wyverns
  4 hippogriffs
  16 wolves
  2 basilisks
  Menkaure (D:6)
  A fire elemental (Volcano)
  12 porcupines
  2 orc warriors
  11 water moccasins
  A wasp (Lair:5)
  2 sky beasts
  A necrophage (D:6)
  2 ice beasts
  A phantom (D:9)
  16 crocodiles
  An ogre (D:4)
  7 centaurs
  7 big kobolds (D:9)
  16 giant frogs
  2 scorpions
  7 wights
  2 electric eels (Lair:3)
  5 hounds
  4 crimson imps
  3 orc wizards
  2 quasits
  A centaur skeleton (D:5)
  6 jellies
  2 orc priests
  A gnoll shaman (D:4)
  6 iguanas
  4 sheep (Lair:2)
  6 worker ants
  7 ogre zombies (D:9)
  A hound zombie (D:7)
  3 hound skeletons
  12 adders
  9 gnolls
  85 river rats
  3 shadow imps
  2 oozes
  2 adder skeletons
  3 worms
  6 giant geckos
  23 orcs
  A bat skeleton (D:5)
  4 giant cockroaches
  10 hobgoblins
  13 jackals
  4 quokkas
  3 ball pythons
  17 bats
  A giant gecko skeleton (D:9)
  2 giant newts
  18 goblins
  2 goblin skeletons (D:9)
  6 goblin zombies (D:9)
  A hobgoblin skeleton (D:9)
  2 hobgoblin zombies (D:9)
  18 kobolds
  3 orc skeletons (D:9)
  9 orc zombies (D:9)
  12 rats
  A bush (Lair:5)
  A butterfly (Lair:7)
  5 fungi
  2 plants
567 creatures vanquished.

Vanquished Creatures (others)
  A bush (Lair:7)
  10 fungi
  3 plants
14 creatures vanquished.

Grand Total: 581 creatures vanquished

Notes
Turn   | Place    | Note
--------------------------------------------------------------
     0 | D:1      | hyperkellhus the High Elf Fire Elementalist began the quest for the Orb.
     0 | D:1      | Reached XP level 1. HP: 11/11 MP: 4/4
   119 | D:1      | Found a sparkling altar of Nemelex Xobeh.
   202 | D:1      | Reached XP level 2. HP: 13/17 MP: 0/6
   685 | D:2      | Reached XP level 3. HP: 7/21 MP: 0/7
  1055 | D:2      | Found a stormy altar of Qazlal.
  1056 | D:2      | Noticed a water elemental
  1058 | D:2      | Noticed an earth elemental
  1058 | D:2      | Noticed an air elemental
  1058 | D:2      | Noticed a fire elemental
  1092 | D:2      | Learned a level 3 spell: Conjure Flame
  1755 | D:3      | Reached skill level 4 in Conjurations
  2184 | D:3      | Reached XP level 4. HP: 25/27 MP: 5/8
  3029 | D:4      | Noticed an ogre
  3048 | D:4      | Killed an ogre
  3048 | D:4      | Reached XP level 5. HP: 31/31 MP: 4/9
  3124 | D:4      | Learned a level 4 spell: Sticky Flame
  3257 | D:4      | Reached skill level 5 in Conjurations
  3693 | D:4      | Reached XP level 6. HP: 36/36 MP: 7/10
  3817 | D:4      | Reached skill level 5 in Fire Magic
  3918 | D:4      | Found a staircase to the Ecumenical Temple.
  3927 | Temple   | Entered the Ecumenical Temple
  4022 | Temple   | Became a worshipper of Vehumet
  4146 | D:4      | Reached skill level 6 in Conjurations
  4399 | D:4      | Found a bloodstained altar of Trog.
  4400 | D:4      | Found a shattered altar of Ashenzari.
  4471 | D:4      | Noticed hyperkellhus's ghost (average DEHu)
  4484 | D:4      | Killed hyperkellhus's ghost
  4484 | D:4      | Reached skill level 7 in Conjurations
  4484 | D:4      | Reached XP level 7. HP: 36/41 MP: 0/11
  4804 | D:5      | Entered Level 5 of the Dungeon
  4869 | D:5      | Found an iron altar of Okawaru.
  5167 | D:5      | Found a sacrificial altar of Ru.
  5314 | D:5      | Found a snail-covered altar of Cheibriados.
  5516 | D:5      | Reached skill level 5 in Spellcasting
  5682 | D:5      | Acquired Vehumet's first power
  5682 | D:5      | Offered knowledge of Sting by Vehumet.
  6017 | D:5      | Noticed urechis's ghost (experienced VSMo)
  6173 | D:5      | Reached XP level 8. HP: 40/46 MP: 8/16
  6909 | D:6      | Found a shadowy altar of Dithmenos.
  7183 | D:6      | Reached skill level 8 in Conjurations
  7624 | D:6      | Offered knowledge of Searing Ray by Vehumet.
  7688 | D:6      | Found a basalt altar of Yredelemnul.
  7770 | D:6      | Reached skill level 9 in Conjurations
  8140 | D:6      | Noticed Menkaure
  8144 | D:6      | Killed Menkaure
  8358 | D:7      | Reached XP level 9. HP: 40/50 MP: 11/17
  8366 | D:7      | Learned a level 5 spell: Fireball
  8507 | D:7      | Noticed Joseph
  8987 | D:7      | Killed Joseph
  9559 | D:7      | Got a spiked scale mail
  9824 | D:7      | Offered knowledge of Static Discharge by Vehumet.
 10700 | D:8      | Acquired Vehumet's second power
 10961 | D:8      | Found a staircase to the Lair.
 11399 | D:9      | Offered knowledge of Ignite Poison by Vehumet.
 11399 | D:9      | Reached skill level 10 in Conjurations
 11408 | D:9      | Reached XP level 10. HP: 51/55 MP: 1/23
 11649 | D:9      | Acquired Vehumet's third power
 11688 | D:9      | Offered knowledge of Airstrike by Vehumet.
 11936 | D:9      | Reached skill level 11 in Conjurations
 12067 | D:9      | Found a staircase to the Orcish Mines.
 12298 | D:9      | Offered knowledge of Spellforged Servitor by Vehumet.
 12721 | Lair:1   | Entered Level 1 of the Lair of Beasts
 12892 | Lair:1   | Reached skill level 12 in Conjurations
 12898 | Lair:1   | Reached skill level 10 in Fire Magic
 13632 | Lair:1   | Reached XP level 11. HP: 44/60 MP: 10/24
 13846 | Lair:1   | Identified the +0 scale mail "Kanaank" {Dex+3} (You found it on level 7 of the Dungeon)
 15298 | Lair:2   | Reached skill level 10 in Spellcasting
 15607 | Lair:2   | Offered knowledge of Bolt of Cold by Vehumet.
 16370 | Lair:3   | Reached skill level 13 in Conjurations
 17677 | Lair:3   | Reached XP level 12. HP: 55/65 MP: 20/27
 17764 | Lair:4   | Found a staircase to the Swamp.
 17904 | Lair:3   | Reached skill level 14 in Conjurations
 18152 | Lair:4   | Noticed a five-headed hydra
 18302 | Lair:3   | Noticed a five-headed hydra
 18304 | Lair:3   | Killed a five-headed hydra
 18425 | Lair:4   | Reached skill level 5 in Dodging
 18495 | Lair:4   | Killed a five-headed hydra
 18826 | Lair:4   | Found a staircase to the Shoals.
 18880 | Lair:4   | Reached skill level 1 in Fighting
 18898 | Lair:4   | Found a hole to the Spider Nest.
 18974 | Lair:4   | Noticed a death yak
 18977 | Lair:4   | Noticed a death yak
 18986 | Lair:4   | Noticed a death yak
 18991 | Lair:4   | Killed a death yak
 19305 | Lair:4   | Reached skill level 5 in Fighting
 19800 | Lair:3   | Killed a death yak
 19916 | Lair:3   | Offered knowledge of Lightning Bolt by Vehumet.
 20229 | Lair:4   | Killed a death yak
 20530 | Lair:5   | Learned a level 5 spell: Lightning Bolt
 20557 | Lair:5   | Found a dark tunnel.
 20569 | Volcano  | Entered a volcano
 21338 | Lair:5   | Noticed Nessos
 21341 | Lair:5   | Killed Nessos
 21368 | Lair:5   | HP: 4/81 [poisoned by Nessos]
 21375 | Lair:5   | HP: 3/81 [poisoned by Nessos]
 21382 | Lair:5   | HP: 2/81 [poisoned by Nessos]
 21390 | Lair:5   | HP: 2/81 [poisoned by Nessos]
 21631 | Lair:5   | Reached XP level 13. HP: 60/86 MP: 14/28
 22076 | Lair:5   | Noticed a four-headed hydra
 22079 | Lair:5   | Killed a four-headed hydra
 22577 | Lair:6   | Found a labyrinth entrance.
 22587 | Lab      | Entered a labyrinth
 22768 | Lab      | Got a pitted blowgun
 22978 | Lab      | Identified Sif Muna's Almanac of Spatial Talismans (You found it in a labyrinth)
 22983 | Lab      | Learned a level 3 spell: Regeneration
 23062 | Lair:6   | Found a runed door.
 23062 | Lair:6   | Found a viscous altar of Jiyva.
 23066 | Lair:6   | Found a staircase to the Slime Pits.
 25214 | Lair:7   | Offered knowledge of Orb of Destruction by Vehumet.
 25333 | Lair:7   | Reached skill level 15 in Conjurations
 26110 | Lair:7   | Reached skill level 16 in Conjurations
 26669 | Lair:7   | Reached XP level 14. HP: 94/94 MP: 14/31
 26818 | Lair:8   | Entered Level 8 of the Lair of Beasts
 26818 | Lair:8   | Noticed Snorg
 26821 | Lair:8   | Killed Snorg
 27022 | Lair:7   | Slain by a torpor snail

Vault maps used:
D:1:      eino_arrival_druids_welcome, nemelex_deck
D:2:      nicolae_qazlal_style_of_elements
D:3:      first_bread, corexii_shack, item_on_display_a
D:4:      minitemple, minmay_temple_entry_mist
D:5:      lemuel_round_altar, nicolae_ru_path_of_blood, corexii_checkpoint_a,
          cheibriados_altar_wand_db
D:6:      kennysheep_mini_moat, grunt_dithmenos_smoke_and_mirrors, uniq_menkaure
D:7:      the_bakery, uniq_joseph
D:8:      lair_0_dummy, lemuel_flame_loot_1
D:9:      zombieorc2_lemuel, special_room
Temple:   circular_temple_12
Lair:2:   bh_autumn_forest_stairs, grunt_megastairs_4
Lair:3:   statuecave_lemuel
Lair:4:   swamp_mist, minmay_shoals_entry_lonely_mermaid,
          spider_nest_entry_web_field, grunt_megastairs_2
Lair:5:   nicolae_volcano_entry_vermiform, grunt_forest_large_clearings,
          lemuel_fruit_fields, uniq_nessos
Lair:6:   slime_altar_2, lab_entry_generic
Lair:7:   lemuel_fruit_fields, lemuel_fruit_tree, infiniplex_staircase_pool_2
Lair:8:   hangedman_lair_caniforms_friends, guppyfry_lair_end_dragon,
          lemuel_fruit_fields, uniq_rupert, uniq_snorg
Lab:      labyrinth_spiral, nicolae_lab_stuck
Volcano:  volcano_pools

Action                   |  1- 3 |  4- 6 |  7- 9 | 10-12 | 13-15 || total
-------------------------+-------+-------+-------+-------+-------++-------
Melee: Short sword       |     6 |     4 |    40 |     4 |     2 ||    56
       Staff             |       |       |       |    11 |     5 ||    16
 Fire: Blowgun           |       |    14 |       |       |       ||    14
 Cast: Flame Tongue      |    87 |    97 |   244 |   447 |   159 ||  1034
       Conjure Flame     |       |    10 |    11 |     9 |       ||    30
       Sticky Flame      |       |     1 |    14 |    87 |    46 ||   148
       Fireball          |       |       |     5 |    79 |    87 ||   171
       Lightning Bolt    |       |       |       |    13 |     7 ||    20
       Regeneration      |       |       |       |       |     4 ||     4
Evoke: Wand              |       |     3 |     4 |     6 |     3 ||    16
       Staff of energy   |       |       |       |    11 |       ||    11
  Use: Scroll            |       |       |    10 |     5 |     8 ||    23
       Potion            |       |       |       |     4 |     1 ||     5
  Eat: Chunk             |     4 |     8 |    23 |    24 |    15 ||    74
       Fruit             |       |       |     1 |     2 |       ||     3
       Beef jerky        |       |       |       |     4 |       ||     4
       Pizza             |       |       |       |       |     1 ||     1
